Warning! The script has encountered some errors when parsing the replay. Please report them to the . » details
0x00, prev: 0x16: 16 02 09 00 6E 82 00 00 A3 CD 00 00 20 92 00 00 47 BF 02 00 B7 37 00 00 7A 06 07 00 CD 68 00 00 00 41 07 00 19 81 00 00 10 C3 07 00 1C 86 00 00 4A AB 07 00 24 88 00 00 40 A3 06 00 21 91 00 00 4B 06 07 00 B1 91 00 00 74 12 08 00 [00] 00 00 00 00 00 00 00 00 00 00 00 00 00 00 00 00 00 00 00 00 00 00 00 08 00
0x00, prev: 0x00: 16 02 09 00 6E 82 00 00 A3 CD 00 00 20 92 00 00 47 BF 02 00 B7 37 00 00 7A 06 07 00 CD 68 00 00 00 41 07 00 19 81 00 00 10 C3 07 00 1C 86 00 00 4A AB 07 00 24 88 00 00 40 A3 06 00 21 91 00 00 4B 06 07 00 B1 91 00 00 74 12 08 00 00 00 00 00 00 00 00 00 00 00 00 00 00 00 00 00 00 00 00 00 00 00 [00] 00 08 00
0x00, prev: 0x02: 16 02 08 00 20 92 00 00 47 BF 02 00 6E 82 00 00 A3 CD 00 00 B9 7A 00 00 12 2B 01 00 9C 7D 00 00 DC FC 00 00 2A 82 00 00 F9 CD 00 00 41 84 00 00 84 BF 00 00 B7 84 00 00 F6 DF 00 00 B4 90 00 00 9A EF 01 00 00 00 00 00 00 00 00 00 00 00 00 00 00 00 00 00 00 00 00 00 00 00 00 00 02 [00]
0x08, prev: 0x00: 16 02 09 00 6E 82 00 00 A3 CD 00 00 20 92 00 00 47 BF 02 00 B7 37 00 00 7A 06 07 00 CD 68 00 00 00 41 07 00 19 81 00 00 10 C3 07 00 1C 86 00 00 4A AB 07 00 24 88 00 00 40 A3 06 00 21 91 00 00 4B 06 07 00 B1 91 00 00 74 12 08 00 00 00 00 00 00 00 00 00 00 00 00 00 00 00 00 00 00 00 00 00 00 00 00 00 [08] 00
General information
- name: BNet
- type: Ladder team game (AT/RT)
- host: Battle.net
- saver: victimoffate
map: CentaurGrove
- players: 4
- length: 80:43
- speed: Fast
- version: 1.23 W3XP
- replay type: Public
» download(256 KB)
Players
team 1 (winner)

»
KODOS_FORSAKEN (
purple | 116 APM | 2768 actions | 23:53)
5 Archmage
3 Summon Water Elemental
2 Brilliance Aura
5 Mountain King
3 Storm Bolt
2 Thunder Clap
» actions
| Assign group hotkey | 357 | |
| Basic commands | 22 | |
| Build / train | 82 | |
| Enter build submenu | 22 | |
| Enter hero's abilities submenu | 10 | |
| Give item / drop item | 3 | |
| Right click | 963 | |
| Select / deselect | 452 | |
| Select group hotkey | 684 | |
| Use ability | 173 | |
2768 total
» units
| Peasant | 15 | |
| Footman | 6 | |
| Sorceress | 2 | |
| Goblin Zeppelin | 1 | |
| Priest | 3 | |
| Gryphon Rider | 9 | |
36 total
» upgrades
| Swords | 1 | |
| Storm Hammers | 1 | |
| Armor | 2 | |
| Masonry | 1 | |
| Animal War Training | 1 | |
| Lumber Harvesting | 1 | |
7 total
» buildings
| Altar of Kings | 1 | |
| Barracks | 1 | |
| Farm | 8 | |
| Scout Tower | 1 | |
| Keep | 1 | |
| Arcane Tower | 1 | |
| Arcane Vault | 1 | |
| Blacksmith | 1 | |
| Arcane Sanctum | 1 | |
| Castle | 1 | |
| Lumber Mill | 1 | |
| Gryphon Aviary | 1 | |
| Town Hall | 4 | |
23 total
» build order
00:08 Altar of Kings
00:21 Barracks
00:35 Farm
01:06 Farm
01:41 Farm
02:02 Scout Tower
03:07 Keep
03:34 Arcane Tower
03:43 Farm
03:54 Arcane Vault
04:23 Farm
04:27 Blacksmith
05:43 Arcane Sanctum
06:35 Castle
06:38 Farm
08:26 Lumber Mill
09:55 Gryphon Aviary
10:16 Farm
11:13 Farm
12:05 Town Hall
14:56 Town Hall
15:03 Town Hall
22:12 Town Hall
» items
| Scroll of Regeneration | 3 | |
| Lesser Clarity Potion | 1 | |
| Scroll of Town Portal | 7 | |
| Scroll of Healing | 2 | |
| Potion of Healing | 2 | |
15 total

»
victimoffate (
yellow | 33 APM | 2662 actions | 80:43)
3 Warden
2 Shadow Strike
1 Blink
» actions
| Assign group hotkey | 195 | |
| Basic commands | 174 | |
| Build / train | 96 | |
| ESC pressed | 9 | |
| Enter build submenu | 31 | |
| Enter hero's abilities submenu | 3 | |
| Give item / drop item | 1 | |
| Right click | 920 | |
| Select / deselect | 526 | |
| Select group hotkey | 565 | |
| Use ability | 141 | |
2662 total
» units
| Wisp | 14 | |
| Huntress | 3 | |
| Goblin Shredder | 3 | |
| Druid of the Claw | 13 | |
| Dryad | 10 | |
| Archer | 1 | |
| Peasant | 5 | |
49 total
» upgrades
| Druid of the Claw Training | 2 | |
| Strength of the Wild | 1 | |
| Mark of the Claw | 2 | |
| Abolish Magic | 1 | |
| Nature's Blessing | 1 | |
| Masonry | 2 | |
9 total
» buildings
| Altar of Elders | 1 | |
| Moon Well | 7 | |
| Hunter's Hall | 1 | |
| Ancient of War | 1 | |
| Tree of Ages | 3 | |
| Ancient of Wonders | 1 | |
| Ancient of Lore | 5 | |
| Tree of Eternity | 1 | |
| Tree of Life | 1 | |
| Scout Tower | 10 | |
| Guard Tower | 13 | |
44 total
» build order
00:08 Altar of Elders
00:21 Moon Well
01:43 Hunter's Hall
01:50 Ancient of War
02:02 Moon Well
03:02 Tree of Ages
03:02 Tree of Ages
03:02 Tree of Ages
04:24 Moon Well
04:27 Moon Well
04:47 Ancient of Wonders
05:27 Ancient of Lore
05:27 Ancient of Lore
05:32 Ancient of Lore
06:07 Ancient of Lore
06:07 Ancient of Lore
07:44 Tree of Eternity
09:38 Moon Well
11:14 Moon Well
13:14 Moon Well
21:35 Tree of Life
25:31 Scout Tower
25:50 Scout Tower
26:22 Scout Tower
26:40 Scout Tower
26:53 Scout Tower
26:53 Scout Tower
26:54 Scout Tower
26:55 Guard Tower
26:55 Guard Tower
26:56 Scout Tower
27:01 Scout Tower
27:14 Guard Tower
27:14 Guard Tower
27:26 Guard Tower
27:26 Guard Tower
27:26 Guard Tower
27:29 Scout Tower
27:48 Guard Tower
27:56 Guard Tower
» items
| Lesser Clarity Potion | 1 | |
| Scroll of Town Portal | 5 | |
| Scroll of Protection | 2 | |
8 total
team 2 (loser)
Joho.Nom (
orange | 117 APM | 3925 actions | 33:27)
6 Death Knight
3 Death Coil
3 Unholy Aura
5 Lich
3 Frost Nova
2 Frost Armor
5 Dark Ranger
3 Silence
2 Black Arrow
» actions
| Assign group hotkey | 76 | |
| Basic commands | 99 | |
| Build / train | 119 | |
| ESC pressed | 4 | |
| Enter build submenu | 26 | |
| Enter hero's abilities submenu | 16 | |
| Give item / drop item | 15 | |
| Right click | 1813 | |
| Select / deselect | 682 | |
| Select group hotkey | 929 | |
| Use ability | 146 | |
3925 total
» units
| Acolyte | 6 | |
| Ghoul | 4 | |
| Crypt Fiend | 17 | |
| Obsidian Statue | 4 | |
| Frost Wyrm | 5 | |
| Goblin Sapper | 18 | |
| Meatwagon | 11 | |
65 total
» upgrades
| Creature Attack | 3 | |
| Burrow | 1 | |
| Web | 1 | |
| Destroyer Form | 1 | |
| Creature Carapace | 1 | |
| Unholy Strength | 2 | |
9 total
» buildings
| Crypt | 1 | |
| Graveyard | 1 | |
| Altar of Darkness | 1 | |
| Ziggurat | 10 | |
| Tomb of Relics | 1 | |
| Halls of the Dead | 2 | |
| Black Citadel | 2 | |
| Slaughterhouse | 2 | |
| Sacrificial Pit | 1 | |
| Boneyard | 1 | |
| Spirit Tower | 3 | |
25 total
» build order
00:04 Crypt
00:08 Graveyard
00:42 Altar of Darkness
00:55 Ziggurat
01:21 Tomb of Relics
02:08 Ziggurat
03:49 Halls of the Dead
03:50 Halls of the Dead
04:21 Ziggurat
06:23 Black Citadel
06:23 Black Citadel
06:47 Slaughterhouse
07:15 Ziggurat
10:17 Sacrificial Pit
11:40 Boneyard
12:13 Ziggurat
12:16 Ziggurat
18:11 Spirit Tower
18:35 Spirit Tower
24:32 Ziggurat
24:47 Ziggurat
25:33 Slaughterhouse
25:34 Ziggurat
33:13 Ziggurat
» items
| Rod of Necromancy | 3 | |
| Potion of Mana | 1 | |
| Scroll of Town Portal | 3 | |
| Orb of Corruption | 2 | |
| Potion of Lesser Invulnerability | 1 | |
10 total

»
taurenking453 (
blue | 82 APM | 2751 actions | 33:27)
6 Mountain King
3 Storm Bolt
2 Thunder Clap
1 Avatar
5 Paladin
3 Holy Light
2 Divine Shield
» actions
| Assign group hotkey | 46 | |
| Basic commands | 102 | |
| Build / train | 98 | |
| Enter build submenu | 23 | |
| Enter hero's abilities submenu | 11 | |
| Give item / drop item | 6 | |
| Remove unit from queue | 3 | |
| Right click | 1444 | |
| Select / deselect | 308 | |
| Select group hotkey | 607 | |
| Use ability | 103 | |
2751 total
» units
| Peasant | 34 | |
| Footman | 6 | |
| Spell Breaker | 10 | |
| Knight | 8 | |
| Mortar Team | 4 | |
| Siege Engine | -1 | |
61 total
» upgrades
| Defend | 1 | |
| Control Magic | 1 | |
| Plating | 2 | |
| Lumber Harvesting | 1 | |
| Magic Sentry | 1 | |
| Animal War Training | 1 | |
| Fragmentation Shards | 1 | |
| Gunpowder | 1 | |
9 total
» buildings
| Altar of Kings | 1 | |
| Farm | 8 | |
| Barracks | 1 | |
| Scout Tower | 4 | |
| Arcane Tower | 1 | |
| Arcane Vault | 1 | |
| Keep | 1 | |
| Lumber Mill | 1 | |
| Blacksmith | 1 | |
| Arcane Sanctum | 2 | |
| Castle | 1 | |
| Town Hall | 1 | |
| Workshop | 2 | |
25 total
» build order
00:08 Altar of Kings
00:17 Farm
00:19 Barracks
00:48 Farm
01:31 Farm
01:39 Scout Tower
02:27 Arcane Tower
03:14 Arcane Vault
03:58 Keep
04:26 Farm
05:06 Lumber Mill
05:09 Blacksmith
05:23 Farm
05:44 Farm
06:27 Arcane Sanctum
06:30 Arcane Sanctum
07:14 Farm
07:16 Farm
08:17 Castle
13:11 Scout Tower
13:13 Scout Tower
13:18 Scout Tower
24:08 Town Hall
30:17 Workshop
30:19 Workshop
» items
| Scroll of Regeneration | 3 | |
| Lesser Clarity Potion | 1 | |
| Scroll of Town Portal | 3 | |
| Scroll of Healing | 2 | |
9 total
Chat log
(00:10 / Allies) KODOS_FORSAKEN: SUp
(00:11 / Allies) KODOS_FORSAKEN: vof
(00:17 / Allies) victimoffate: why u turn intos uch a nigger lately
(00:24 / Allies) KODOS_FORSAKEN: wat ya mean
(00:37 / Allies) victimoffate: u act like clan ggl is serious business
(00:39 / Allies) KODOS_FORSAKEN: what hero you going
(00:43 / Allies) KODOS_FORSAKEN: i just ban nerds
(00:46 / Allies) KODOS_FORSAKEN: having fun
(00:54 / Allies) victimoffate: that makes it less interesting
(01:04 / Allies) KODOS_FORSAKEN: well w/e
(01:04 / Allies) victimoffate: when u ban ppl like that
(01:12 / Allies) KODOS_FORSAKEN: what hero you got
(01:15 / Allies) victimoffate: wdn
(01:21 / Allies) KODOS_FORSAKEN: k
(01:36 / Allies) victimoffate: i creep here tell me if u get harassed
(01:38 / Allies) victimoffate: so we can kill it
(01:46 / Allies) KODOS_FORSAKEN: k
(02:10 / Allies) victimoffate: this creep camp is retarded
(02:25 / Allies) KODOS_FORSAKEN: sort of
(02:36 / Allies) victimoffate: how would someone accidentily aggro that
(02:43 / Allies) victimoffate: omw
(02:47 / Allies) KODOS_FORSAKEN: ot it
(02:49 / Allies) victimoffate: ROFL
(02:58 / Allies) KODOS_FORSAKEN: w/e tp gone
(02:59 / Allies) victimoffate: bbai
(02:59 / Allies) victimoffate: bbai
(03:08 / Allies) victimoffate: how umch u wanna be
(03:09 / Allies) victimoffate: no vault yet?
(03:13 / Allies) KODOS_FORSAKEN: im sure
(03:45 / Allies) victimoffate: omg he leveled up
(03:55 / Allies) victimoffate: i feel dumb now
(04:12 / Allies) KODOS_FORSAKEN: ud is probably 3
(04:52 / Allies) victimoffate: god hurry the F*CK up
(04:59 / Allies) KODOS_FORSAKEN: coming to me
(06:51 / Allies) KODOS_FORSAKEN: b
(09:46 / Allies) victimoffate: paly
(10:01 / Allies) victimoffate: b
(11:02 / Allies) victimoffate: spend brah
(11:22 / Allies) KODOS_FORSAKEN: hes going to have mass dest
(11:22 / Allies) victimoffate: good mercs
(11:23 / Allies) victimoffate: egt some
(11:24 / Allies) KODOS_FORSAKEN: get some drrayds
(11:27 / Allies) KODOS_FORSAKEN: fuck mercs
(11:29 / Allies) KODOS_FORSAKEN: getting expo
(12:15 / Allies) KODOS_FORSAKEN: he saw my expio
(12:28 / Allies) victimoffate: with wat
(12:32 / Allies) KODOS_FORSAKEN: reveal
(12:54 / Allies) KODOS_FORSAKEN: lets hit?
(13:02 / Allies) victimoffate: priest afk
(13:32 / Allies) KODOS_FORSAKEN: hitting
(13:41 / Allies) KODOS_FORSAKEN: get a tp
(13:42 / Allies) KODOS_FORSAKEN: ..
(13:48 / Allies) KODOS_FORSAKEN: i see
(14:00 / Allies) KODOS_FORSAKEN: let it die
(14:16 / Allies) victimoffate: hitting ud hall
(14:48 / Allies) KODOS_FORSAKEN: wiid ne
(14:50 / Allies) KODOS_FORSAKEN: wood me
(15:11 / Allies) KODOS_FORSAKEN: lets meet
(15:15 / Allies) victimoffate: both tped
(16:38 / Allies) KODOS_FORSAKEN: b
(16:42 / Allies) KODOS_FORSAKEN: ig ot hu
(16:51 / Allies) KODOS_FORSAKEN: b
(16:53 / Allies) KODOS_FORSAKEN: you got no tp
(16:58 / Allies) victimoffate: wanted that breaker
(17:02 / Allies) victimoffate: :x
(17:12 / Allies) KODOS_FORSAKEN: wioiod
(17:20 / Allies) KODOS_FORSAKEN: and expo
(17:46 / Allies) KODOS_FORSAKEN: come to my expo
(18:03 / Allies) victimoffate: buying tp
(18:41 / Allies) KODOS_FORSAKEN: hu
(19:39 / Allies) KODOS_FORSAKEN: b
(19:45 / Allies) KODOS_FORSAKEN: wood dude
(21:28 / Allies) victimoffate: leave
(22:20 / Allies) KODOS_FORSAKEN: letrs hit
(24:47 / All) victimoffate: joho nom
(24:48 / All) victimoffate: i can just imagine
(24:49 / All) Joho.Nom: hi
(24:51 / All) victimoffate: some faggot brazilian
(24:53 / All) victimoffate: sitting behind his computer
(24:54 / All) victimoffate: satisfied
(24:56 / All) victimoffate: diong the same strat
(24:58 / All) Joho.Nom: who
(24:58 / All) victimoffate: for 1,800 games
(25:02 / All) Joho.Nom: o
(25:06 / All) taurenking453: or must you say more
(25:08 / All) taurenking453: and then leave
(25:11 / All) victimoffate: no its where i alt tab and say hf killing buildigns researching defense for hu now
(25:18 / All) taurenking453: rofl okay
(25:21 / All) Joho.Nom: aight coo ttyl
(25:27 / All) Joho.Nom: umad?
(25:40 / All) victimoffate: no
(27:18 / All) taurenking453: is your hero lvl 3 yet?
(27:34 / All) victimoffate: lol shut up noob
(27:37 / All) Joho.Nom: umad
(27:45 / All) victimoffate: joho
(27:46 / All) victimoffate: uve done
(27:50 / All) victimoffate: the same strat
(27:52 / All) victimoffate: for like 3 patches straight
(27:53 / All) victimoffate: ur pathetic
(27:55 / All) Joho.Nom: umad?
(27:58 / All) taurenking453: if it aint broke
(27:58 / All) victimoffate: nothing to be mad about lol
(27:59 / All) taurenking453: dont fix it
(28:14 / All) Joho.Nom: 41-11
(28:15 / All) Joho.Nom: nice
(28:40 / All) taurenking453: 33-4
(28:42 / All) taurenking453: even nicer
(29:38 / All) taurenking453: ROFL
(29:49 / All) taurenking453: focring me to get siege
(30:00 / All) Joho.Nom: umad
(31:33 / All) Joho.Nom: nerd mad
(31:37 / All) taurenking453: rofl
(31:41 / All) taurenking453: he said he was going to tab
(31:46 / All) taurenking453: he's sitting there
(31:47 / All) taurenking453: watching